 Dungeon Crawl Stone Soup version 0.31.0-11-ge490571c62 (webtiles) character file.

Game seed: 3538326407652784169

24 qw the Shooter (level 2, 0/16 HPs)
             Began as a Deep Elf Hunter on Feb 4, 2024.
             Succumbed to their own poison gas
             ... on level 1 of the Dungeon.
             The game lasted 00:00:09 (524 turns).

qw the Shooter (Deep Elf Hunter)                     Turns: 524, Time: 00:00:10

Health: 0/16       AC:  4    Str:  8    XL:     2   Next: 79%
Magic:  4/4        EV: 12    Int: 13    God:
Gold:   24         SH:  0    Dex: 18    Spells: 1/1 levels left

rFire   . . .        a - +0 shortbow
rCold   . . .        (shield currently unavailable)
rNeg    . . .        c - +0 leather armour
rPois   .            (no helmet)
rElec   .            (no cloak)
rCorr   .            (no gloves)
SInv    .            d - +0 pair of boots
Will    .....        (no amulet)
Stlth   ++           (no ring)
HPRegen 0.22/turn    (no ring)
MPRegen 0.09/turn

%: no passive effects
@: lethally poisoned (0 -> -10)
A: no striking features
a: no special abilities


You were on level 1 of the Dungeon.
You visited 1 branch of the dungeon, and saw 1 of its levels.

You collected 24 gold pieces.


   Skills:
 - Level 1.5 Fighting
 + Level 6.5 Ranged Weapons
 - Level 2.4 Dodging
 - Level 1.2 Stealth


You had one spell level left.
You didn't know any spells.
Your spell library was empty.

Inventory:

Hand Weapons
 a - a +0 shortbow (weapon)
Armour
 c - a +0 leather armour (worn)
 d - a +0 pair of boots (worn)
Potions
 i - a potion of might {unknown}

Dungeon Overview and Level Annotations

Branches:
Dungeon (1/15)

Altars:


Message History

You continue putting on your +0 pair of boots. x4
You finish putting on your +0 pair of boots.
Done exploring.
517 ||| DROPPING ring of flight.
You drop a ring of flight.
Done exploring.
518 ||| READING scroll labelled SAIDINN RAECH.
The air fills with toxic fumes!
As you read the scroll labelled SAIDINN RAECH, it crumbles to dust.
It was a scroll of poison.
Done exploring.
519 ||| READING scroll labelled OCANTOUCSU.
As you read the scroll labelled OCANTOUCSU, it crumbles to dust.
It is a scroll of identify.
519 ||| IDENTIFYING viscous ruby potion;
g - a potion of berserk rage Done exploring.
520 ||| DROPPING scroll of butterflies.
You drop a scroll of butterflies.
Done exploring.
521 ||| DROPPING potion of berserk rage.
You drop a potion of berserk rage.
Done exploring.
What level of the Dungeon? (default 1, ? - help) Sorry, I don't know how to get there.
Enter note:
Enter note:
Enter note:
Enter note:
Enter note:
Enter note:
Enter note:
Enter note:
Enter note: You are engulfed in poison gas.
You are lethally poisoned!
You feel very sick.
523 ||| Stepping ~*~*~tactically~*~*~ (cloud).
You feel very sick.
Things that are here:
a potion of berserk rage; a scroll of butterflies; a ring of flight
There is a lethal amount of poison in your body!
You die...

#.###...#~#P7.~~~.7P#~#.##.....##
#..##...#~#<..~8~..>#~#.######..#
##.##.#.#~#P7.~~~.7P#~#%# ##.#
##.##...#~#77..~..77#~### #..
...##...#..7..7.7..7..# #..
....#...#.............# #..
..#.....#.#.#77777#.#.#########..
........#+### #######'#..........
..#.###...# #0@# #...#######..
..#..###### ##¤# ##### ##..
##...#### #¤# #... #......# #¤###
#... #..###.# #0¤.###########...
#.## #.# ###............... #.#
#.## #############... #.# #..##
###........... #.# ##..#
#...#######..[


There were no monsters in sight!

Vanquished Creatures
  A dart slug (D:1)
  A ball python (D:1)
  2 bats (D:1)
  3 endoplasms (D:1)
  2 hobgoblins (D:1)
  4 jackals (D:1)
  2 kobolds (D:1)
  2 frilled lizards (D:1)
  3 rats (D:1)
20 creatures vanquished.

Notes
Turn   | Place    | Note
-------+----------+-------------------------------------------
     0 | D:1      | qw the Deep Elf Hunter began the quest for the Orb.
     0 | D:1      | Reached XP level 1. HP: 12/12 MP: 3/3
     0 | D:1      | 0 ||| qw: Version: 0.3-a-160-g6735b56
     0 | D:1      | 0 ||| qw: Game counter: 5855
     0 | D:1      | 0 ||| qw: Melee chars always use a shield: true
     0 | D:1      | 0 ||| qw: God list: Okawaru
     0 | D:1      | 0 ||| qw: Allow faded altars: false
     0 | D:1      | 0 ||| qw: Do Orc after clearing Dungeon:15 true
     0 | D:1      | 0 ||| qw: Do second Lair branch before Depths: true
     0 | D:1      | 0 ||| qw: Lair rune preference: random
     0 | D:1      | 0 ||| qw: Goals: Normal
     0 | D:1      | 0 ||| PLANNING D:1-11
   186 | D:1      | Reached skill level 6 in Ranged Weapons
   186 | D:1      | Reached XP level 2. HP: 16/16 MP: 4/4
   512 | D:1      | 512 ||| UPGRADING to +0 pair of boots.
   517 | D:1      | 517 ||| DROPPING ring of flight.
   518 | D:1      | 518 ||| READING scroll labelled SAIDINN RAECH.
   519 | D:1      | 519 ||| READING scroll labelled OCANTOUCSU.
   519 | D:1      | 519 ||| IDENTIFYING viscous ruby potion
   520 | D:1      | 520 ||| DROPPING scroll of butterflies.
   521 | D:1      | 521 ||| DROPPING potion of berserk rage.
   523 | D:1      | 523 ||| Stepping ~*~*~tactically~*~*~ (cloud).
   523 | D:1      | HP: 3/16 [poisoned by you (poison gas)]
   524 | D:1      | Succumbed to their own poison gas

Levels and vault maps discovered:
D:1:      tarquinn_simple_flora_water_b, layout_rooms

Skill      XL: |  1 |
---------------+----+-----
Ranged Weapons | 6 |  6.5
Fighting       | |  1.5
Dodging        | |  2.4
Stealth        | |  1.2

Action                     || total
---------------------------++-------
   Fire: Shortbow          ||    39
    Use: Scroll            ||     2
 Armour: Leather armour    ||     5
  Dodge: Dodged            ||     3

Table legend:
 A = Non-vault XP
 B = Vault XP
 C = Vault XP percentage of total XP
 D = Non-vault monster count
 E = Vault monster count
 F = Vault count percentage of total count
                 A         B        C        D         E       F
            +---------+---------+-------+---------+---------+-------
      Total |      35 |       0 |   0.0 |      20 |       0 |   0.0
            +---------+---------+-------+---------+---------+-------
        D:1 |      35 |       0 |   0.0 |      20 |       0 |   0.0
            +---------+---------+-------+---------+---------+-------
